 Dungeon Crawl Stone Soup version 0.28.0-43-g3370ac3207 (webtiles) character file.

Game seed: 10940402799865837704

65 Acheron the Ducker (level 3, -1/33 HPs)
             Began as a Minotaur Monk on Mar 22, 2022.
             Killed from afar by Sigmund (7 damage)
             ... with a puff of flame
             ... on level 5 of the Dungeon.
             The game lasted 00:06:01 (1405 turns).

Acheron the Ducker (Minotaur Monk)                  Turns: 1405, Time: 00:06:02

Health: -1/33      AC: 12    Str: 15    XL:     3   Next: 94%
Magic:  2/2        EV: 11    Int:  7    God:
Gold:   43         SH:  4    Dex: 14    Spells: 0/2 levels left

rFire   . . .      SeeInvis .   a - +0 hand axe (protect)
rCold   . . .      Faith    .   g - +0 buckler
rNeg    . . .      Spirit   .   c - +0 ring mail
rPois   .          Reflect  .   (helmet restricted)
rElec   .          Harm     .   (no cloak)
rCorr   .          Rampage  .   (no gloves)
Will    .....                   (no boots)
Stlth   +.........              (no amulet)
HPRegen 0.11/turn               (no ring)
MPRegen 0.08/turn               (no ring)

@: under a protective aura
A: horns 2, retaliatory headbutt
a: no special abilities


You were on level 5 of the Dungeon.
You visited 1 branch of the dungeon, and saw 5 of its levels.

You collected 43 gold pieces.

Inventory:

Hand Weapons
 a - a +0 hand axe of protection (weapon)
Armour
 b - a +0 robe
 c - a +0 ring mail (worn)
 g - a +0 buckler (worn)
Scrolls
 e - a scroll of amnesia


   Skills:
 + Level 4.0 Fighting
 + Level 4.1 Axes
 * Level 1.1 Armour
 * Level 4.2 Dodging
 * Level 1.9 Stealth
 * Level 0.7 Shields


You couldn't memorise any spells.
You knew the following spells:

 Your Spells              Type           Power      Damage    Failure   Level
a - Call Imp              Summ           0%         N/A       88%         2

Your spell library contained the following spells:

 Spells                   Type           Power      Damage    Failure   Level
 Ignite Poison            Fire/Tmut/Pois 0%         N/A       98%         3
 Mephitic Cloud           Conj/Pois/Air  0%         N/A       98%         3
 Summon Guardian Golem    Hex/Summ       0%         N/A       98%         3
 Freezing Cloud           Conj/Ice/Air   0%         6-21      100%        5
 Malign Gateway           Summ/Tloc      0%         N/A       100%        7
 Summon Horrible Things   Summ           0%         N/A       100%        8


Dungeon Overview and Level Annotations

Branches:
Dungeon (6/15)
 Temple: D:4-7

Altars:

Annotations:
D:5 exclusion: 2 upstairs, Sigmund


Innate Abilities, Weirdness & Mutations

You have a pair of horns on your head.
You reflexively headbutt those who attack you in melee.


Message History

The centaur shoots an arrow.
The arrow barely misses you.
The centaur shoots an arrow.
The arrow hits you!
An ufetubus comes into view.
The centaur shoots an arrow.
The arrow closely misses you. The ufetubus hits you.
The ufetubus hits you but does no damage. x2
The ufetubus barely misses you. The ufetubus hits you.
The ufetubus barely misses you.
Found a stone staircase leading down.
The ufetubus closely misses you. You furiously retaliate!
You headbutt the ufetubus, but do no damage.
The ufetubus misses you. The ufetubus closely misses you.
You block the ufetubus's attack.
A shadow imp comes into view.
You barely miss the ufetubus. The ufetubus hits you.
You block the ufetubus's attack.
The ufetubus hits you but does no damage. x2
You closely miss the ufetubus. The ufetubus hits you.
* * * LOW HITPOINT WARNING * * *
The ufetubus barely misses you.
You aren't carrying any potions.
You hit the ufetubus.
Your weapon exudes an aura of protection.
The ufetubus is moderately wounded.
The ufetubus closely misses you. x2
The ufetubus hits you but does no damage.
You block the ufetubus's attack.
Sigmund the Dreaded comes into view.
He is wielding a +0 scythe.
You closely miss the ufetubus.
The ufetubus is moderately wounded.
You block the ufetubus's attack. The ufetubus misses you.
A bullfrog skeleton comes into view.
The ufetubus hits you.
* * * LOW HITPOINT WARNING * * *
The ufetubus misses you.
Sigmund breathes a few words.
Sigmund's hands start flickering wildly.
Sigmund gestures at you while chanting. The puff of flame hits you!
You die...

....####.[###.######.
........................
#.#.##....c....#####.#.#
#.........####.# #....@
#.........# #.# ....#
#.........# #.# ....#
#.........# ##.# 5...#
....##.##.# #..##....#
... #.##c# #.c5@....# ..
#.##.###..##...## .
#.........?...##
####.##...###.###
###.##.......Z..
........####.###
#####...........
#...######## #...#


You could see Sigmund, a centaur, a shadow imp, an ufetubus and a bullfrog
skeleton (wandering).

Vanquished Creatures
  A gnoll (D:1)
  An adder (D:1)
  4 dart slugs
  2 bats
  3 endoplasms (D:1)
  5 giant cockroaches (D:1)
  7 goblins
  3 hobgoblins (D:1)
  3 quokkas (D:1)
  2 ball pythons (D:1)
  A frilled lizard (D:1)
  3 kobolds
  A rat (D:1)
36 creatures vanquished.

Notes
Turn   | Place    | Note
-------+----------+-------------------------------------------
     0 | D:1      | Acheron the Minotaur Monk began the quest for the Orb.
     0 | D:1      | Reached XP level 1. HP: 19/19 MP: 0/0
     3 | D:1      | Noticed an electric eel
     4 | D:1      | Noticed an electric eel
   222 | D:1      | Reached XP level 2. HP: 27/27 MP: 1/1
   304 | D:1      | Found a faded altar of an unknown god.
   567 | D:1      | Reached XP level 3. HP: 33/33 MP: 2/2
   602 | D:1      | Got the Almanac of Summoning
   606 | D:1      | Learned a level 2 spell: Call Imp
  1004 | D:1      | Reached skill level 1 in Armour
  1314 | D:2      | You fall into a shaft and drop 2 floors!
  1322 | D:5      | Entered Level 5 of the Dungeon
  1336 | D:4      | Noticed an ogre
  1387 | D:5      | Noticed a centaur
  1404 | D:5      | Noticed Sigmund
  1405 | D:5      | Killed from afar by Sigmund

Illustrated notes

Levels and vault maps discovered:
D:1:      arrival_aquarium_b, layout_loops_corners,
          hellmonk_ecumenical_altar_heavens_door
D:2:      layout_basic, serial_rivers, chequers_serial_rivers_micro_b,
          chequers_serial_rivers_small_b, chequers_serial_rivers_micro_d,
          chequers_serial_rivers_small_3, chequers_serial_rivers_micro_b,
          chequers_serial_rivers_small_b, amcnicky_mini_rare_corridor_liquid,
          kennysheep_generic_room_7
D:4:      layout_gridville, minmay_fractal_squares_diagonal_5,
          uniq_crazy_yiuf_cottage
D:5:      layout_basic, nicolae_specific_store, kennysheep_minor_cross,
          uniq_sigmund
D:6:      kennysheep_kobold_camp, layout_loops_corners,
          nicolae_uskayaw_en_pointe

Skill      XL: |  1  2  3 |
---------------+----------+-----
Axes           | 4 |  4.1
Fighting       | 4 |  4.0
Dodging        | 4 |  4.2
Armour         | 1 |  1.1
Stealth        | |  1.9
Shields        | |  0.7

Action                   || total
-------------------------++-------
Melee: Hand axe          ||    77
       Headbutt          ||    21
  Use: Scroll            ||     4
 Stab: Sleeping          ||     2
Armor: Robe              ||     3
       Ring mail         ||    29
Dodge: Dodged            ||    58
Block: Buckler           ||     9
